BSA
POCATELLO BOCCABELLAS @ PORTLAND PHILOSPHER KINGS
04/04/2024
 
TOP OF THE 1ST
Pocatello Boccabellas batting - Pitching for Portland Philospher Kings : RHP Yajirobei Endo
Pitching: RHP Yajirobei Endo
Batting: RHB José Delgado 0-0: Ball
1-0: Foul Ball, location: 2F
1-1: SINGLE (Groundball, 6MD)
Batting: RHB Marlon Phipps 0-0: Called Strike
0-1: Ball
1-1: Ball
2-1: Fielders Choice at 2nd, 1-4 (Groundball, 13)
Batting: LHB Juan Cortés 0-0: Ball
1-0: Grounds out, U3 (Groundball, 3L)
Batting: RHB Francisco Sandoval 0-0: Swinging Strike
0-1: Ball
1-1: Ball
2-1: Ground out U3 (Groundball, 3L)
Top of the 1st over - 0 run(s), 1 hit(s), 0 error(s), 1 left on base; Pocatello 0 - Portland 0
BOTTOM OF THE 1ST
Portland Philospher Kings batting - Pitching for Pocatello Boccabellas : RHP César Martínez
Pitching: RHP César Martínez
Batting: RHB Dani Vázquez 0-0: Called Strike
0-1: Foul Ball, location: 2F
0-2: Ball
1-2: Ball
2-2: Ball
3-2: Strikes out swinging
Batting: LHB Keith Beard 0-0: Ground out 1-3 (Groundball, 23)
Batting: LHB Jeff Daniels 0-0: Ground out 3-1 (Groundball, 34)
Bottom of the 1st over - 0 run(s), 0 hit(s), 0 error(s), 0 left on base; Pocatello 0 - Portland 0
TOP OF THE 2ND
Pocatello Boccabellas batting - Pitching for Portland Philospher Kings : RHP Yajirobei Endo
Batting: LHB Norberto Muńóz 0-0: Ground out 4-3 (Groundball, 34)
Batting: LHB David Monahan 0-0: Ball
1-0: Fly out, F8 (Flyball, 89M)
Batting: SHB Guillermo Ortíz 0-0: Ball
1-0: Ball
2-0: Ball
3-0: Base on Balls
Batting: RHB Pedro Guzmán 0-0: Ball
1-0: Ground out 4-3 (Groundball, 4)
Top of the 2nd over - 0 run(s), 0 hit(s), 0 error(s), 1 left on base; Pocatello 0 - Portland 0
BOTTOM OF THE 2ND
Portland Philospher Kings batting - Pitching for Pocatello Boccabellas : RHP César Martínez
Batting: SHB José Alomar 0-0: Called Strike
0-1: Ball
1-1: Called Strike
1-2: Ground out U3 (Groundball, 3)
Batting: LHB Paul Mullins 0-0: Foul Ball, location: 2F
0-1: Ground out 4-3 (Groundball, 4)
Batting: LHB Tom Blake 0-0: Called Strike
0-1: Ball
1-1: Ball
2-1: Ball
3-1: Base on Balls
Batting: RHB Aaron Scott 0-0: Called Strike
0-1: Ball
1-1: Ball
2-1: Fly out, F4 (Line Drive, 34)
Bottom of the 2nd over - 0 run(s), 0 hit(s), 0 error(s), 1 left on base; Pocatello 0 - Portland 0
TOP OF THE 3RD
Pocatello Boccabellas batting - Pitching for Portland Philospher Kings : RHP Yajirobei Endo
Batting: RHB Pete Harvey 0-0: Ball
1-0: Foul Ball, location: 2F
1-1: Fly out, F5 (Popup, 56S)
Batting: RHB José Delgado 0-0: Ball
1-0: Fly out, F9 (Flyball, 9S)
Batting: RHB Marlon Phipps 0-0: Called Strike
0-1: Called Strike
0-2: Strikes out swinging
Top of the 3rd over - 0 run(s), 0 hit(s), 0 error(s), 0 left on base; Pocatello 0 - Portland 0
BOTTOM OF THE 3RD
Portland Philospher Kings batting - Pitching for Pocatello Boccabellas : RHP César Martínez
Batting: RHB Germán Rosales 0-0: SINGLE (Flyball, 7LS)
Batting: LHB Bill Bertrand 0-0: Grounds out, U3 (Groundball, 3L)
Batting: RHB Dani Vázquez 0-0: SINGLE (Groundball, 56)
Germán Rosales to third
Batting: LHB Keith Beard 0-0: Ball
1-0: Ball
2-0: Ball
3-0: Called Strike
3-1: Foul Ball, location: 2F
3-2: Base on Balls
Dani Vázquez to second
Batting: LHB Jeff Daniels 0-0: Ball
1-0: Ball
2-0: Ball
3-0: Base on Balls
Germán Rosales scores
Dani Vázquez to third
Keith Beard to second
Batting: SHB José Alomar 0-0: Called Strike
0-1: Swinging Strike
0-2: Ball
1-2: SINGLE (Groundball, 5D)
Dani Vázquez scores
Keith Beard to third
Jeff Daniels to second
Runner from 3rd tries for Home, SAFE, throw made home
Jeff Daniels to third
José Alomar to second
Batting: LHB Paul Mullins 0-0: Ball
1-0: Swinging Strike
1-1: Foul Ball, location: 2F
1-2: Strikes out swinging
Batting: LHB Tom Blake 0-0: Ball
1-0: Ball
2-0: 3-RUN HOME RUN (Flyball, 89XD), Distance : 365 ft
Batting: RHB Aaron Scott 0-0: Ball
1-0: Foul Ball, location: 2F
1-1: Ball
2-1: Ball
3-1: DOUBLE (Groundball, 5L)
Batting: RHB Germán Rosales 0-0: Foul Ball, location: 2F
0-1: Ball
1-1: DOUBLE (Line Drive, 78XD)
Aaron Scott scores
Batting: LHB Bill Bertrand 0-0: Ball
1-0: SINGLE (Groundball, 4MD)
Germán Rosales to third
Runner from 3rd tries for Home, SAFE, no throw or cutoff
Batting: RHB Dani Vázquez 0-0: Called Strike
0-1: Ball
Bill Bertrand steals 2nd base
1-1: Called Strike
1-2: Ball
2-2: Ground out 6-3 (Groundball, 6)
Bottom of the 3rd over - 8 run(s), 7 hit(s), 0 error(s), 1 left on base; Pocatello 0 - Portland 8
TOP OF THE 4TH
Pocatello Boccabellas batting - Pitching for Portland Philospher Kings : RHP Yajirobei Endo
Batting: LHB Juan Cortés 0-0: Ball
1-0: Called Strike
1-1: Ground out 6-3 (Groundball, 6M)
Batting: RHB Francisco Sandoval 0-0: Foul Ball, location: 2F
0-1: Called Strike
0-2: Foul Ball, location: 2F
0-2: Ball
1-2: SOLO HOME RUN (Flyball, 9D), Distance : 366 ft
Batting: LHB Norberto Muńóz 0-0: Foul Ball, location: 2F
0-1: Swinging Strike
0-2: Strikes out swinging
Batting: LHB David Monahan 0-0: Ball
1-0: Called Strike
1-1: Ball
2-1: Foul Ball, location: 2F
2-2: Ball
3-2: Ground out 4-3 (Groundball, 4)
Top of the 4th over - 1 run(s), 1 hit(s), 0 error(s), 0 left on base; Pocatello 1 - Portland 8
BOTTOM OF THE 4TH
Portland Philospher Kings batting - Pitching for Pocatello Boccabellas : RHP César Martínez
Pitching: RHP Manny Benavides
Batting: LHB Keith Beard 0-0: Ball
1-0: Ball
2-0: Called Strike
2-1: Ball
3-1: Base on Balls
Batting: LHB Jeff Daniels 0-0: Swinging Strike
0-1: Called Strike
0-2: Ball
1-2: Ball
2-2: Ball
3-2: DOUBLE (Line Drive, 7LM)
Keith Beard to third
Batting: SHB José Alomar 0-0: Ball
1-0: Fly out, F7 (Flyball, 7LM)
Runner from 3rd tags up, SCORES, throw made
Batting: LHB Paul Mullins 0-0: Ball
1-0: Swinging Strike
1-1: Ball
2-1: Swinging Strike
2-2: Ground out 4-3 (Groundball, 4)
Jeff Daniels to third
Batting: LHB Tom Blake 0-0: Called Strike
0-1: Ball
1-1: Foul Ball, location: 2F
1-2: Ball
2-2: Ground out 4-3 (Groundball, 34)
Bottom of the 4th over - 1 run(s), 1 hit(s), 0 error(s), 1 left on base; Pocatello 1 - Portland 9
TOP OF THE 5TH
Pocatello Boccabellas batting - Pitching for Portland Philospher Kings : RHP Yajirobei Endo
Batting: SHB Guillermo Ortíz 0-0: Ball
1-0: Ball
2-0: Swinging Strike
2-1: Foul Ball, location: 2F
2-2: Foul Ball, location: 2F
2-2: Ball
3-2: Fly out, F4 (Popup, 4)
Batting: RHB Pedro Guzmán 0-0: Called Strike
0-1: Ground out 5-3 (Groundball, 5)
Batting: RHB Pete Harvey 0-0: Called Strike
0-1: Foul Ball, location: 2F
0-2: Strikes out looking
Top of the 5th over - 0 run(s), 0 hit(s), 0 error(s), 0 left on base; Pocatello 1 - Portland 9
BOTTOM OF THE 5TH
Portland Philospher Kings batting - Pitching for Pocatello Boccabellas : RHP Manny Benavides
Batting: RHB Aaron Scott 0-0: Ball
1-0: Called Strike
1-1: Ball
2-1: Ball
3-1: Base on Balls
Batting: RHB Germán Rosales 0-0: Called Strike
0-1: Ball
1-1: Called Strike
1-2: Fly out, F2 (Popup, 2RF)
Batting: LHB Bill Bertrand 0-0: Called Strike
0-1: Ball
1-1: Swinging Strike
1-2: SINGLE (Groundball, 34)
Aaron Scott to second
Runner from 2nd tries for 3rd, SAFE, no throw or cutoff
Batting: RHB Dani Vázquez 0-0: Ball
1-0: Ball
2-0: Ball
3-0: Base on Balls
Bill Bertrand to second
Batting: LHB Keith Beard 0-0: Ball
1-0: Fielders Choice at 2nd, 3-6 (Groundball, 3)
Aaron Scott scores
Bill Bertrand to third
Batting: LHB Jeff Daniels 0-0: Ball
1-0: Ball
2-0: Ground out 4-3 (Groundball, 34)
Bottom of the 5th over - 1 run(s), 1 hit(s), 0 error(s), 2 left on base; Pocatello 1 - Portland 10
TOP OF THE 6TH
Pocatello Boccabellas batting - Pitching for Portland Philospher Kings : RHP Yajirobei Endo
Batting: RHB José Delgado 0-0: Called Strike
0-1: Called Strike
0-2: Ball
1-2: Ground out 5-3 (Groundball, 5)
Batting: RHB Marlon Phipps 0-0: DOUBLE (Line Drive, 7LS)
Batting: LHB Juan Cortés 0-0: Ground out 4-3 (Groundball, 4)
Marlon Phipps to third
Batting: RHB Francisco Sandoval 0-0: Ball
1-0: Called Strike
1-1: SINGLE (Line Drive, 4MD)
Marlon Phipps scores
Batting: LHB Norberto Muńóz 0-0: Called Strike
0-1: Ball
Wild Pitch!
Francisco Sandoval to second
1-1: Ball
2-1: SINGLE (Line Drive, 78S)
Francisco Sandoval to third
Runner from 3rd tries for Home, SAFE, no throw or cutoff
Batting: LHB David Monahan 0-0: Ball
1-0: Called Strike
Throwing error on steal attempt, E2
Norberto Muńóz to third
1-1: DOUBLE (Line Drive, 89S)
Norberto Muńóz scores
Batting: SHB Guillermo Ortíz 0-0: Swinging Strike
0-1: Foul Ball, location: 2F
0-2: Ground out U3 (Groundball, 3)
Top of the 6th over - 3 run(s), 4 hit(s), 1 error(s), 1 left on base; Pocatello 4 - Portland 10
BOTTOM OF THE 6TH
Portland Philospher Kings batting - Pitching for Pocatello Boccabellas : RHP Manny Benavides
Batting: SHB José Alomar 0-0: Ball
1-0: Foul Ball, location: 2F
1-1: Foul Ball, location: 2F
1-2: Foul Ball, location: 2F
1-2: Ball
2-2: Ball
3-2: Base on Balls
Pitching: LHP Mario Tobías
Batting: LHB Paul Mullins 0-0: Called Strike
0-1: Swinging Strike
0-2: Foul Ball, location: 2F
0-2: Ball
1-2: Grounds into double play, 4-6-3 (Groundball, 4)
Batting: LHB Tom Blake 0-0: Ball
1-0: Fly out, F7 (Flyball, 7S)
Bottom of the 6th over - 0 run(s), 0 hit(s), 0 error(s), 0 left on base; Pocatello 4 - Portland 10
TOP OF THE 7TH
Pocatello Boccabellas batting - Pitching for Portland Philospher Kings : RHP Yajirobei Endo
Batting: RHB Pedro Guzmán 0-0: Fly out, F9 (Flyball, 89XD)
Batting: RHB Pete Harvey 0-0: Ball
1-0: Ball
2-0: Called Strike
2-1: Ball
3-1: Foul Ball, location: 2F
3-2: Foul Ball, location: 2F
3-2: Base on Balls
Pitching: RHP Jean Burrows
Batting: RHB José Delgado 0-0: Ball
1-0: Swinging Strike
1-1: Foul Ball, location: 2F
1-2: Ground out 2-3 (Groundball, 15S)
Pete Harvey to second
Batting: RHB Marlon Phipps 0-0: Foul Ball, location: 2F
0-1: Ball
1-1: Foul Ball, location: 2F
1-2: Foul Ball, location: 2F
1-2: Strikes out looking
Top of the 7th over - 0 run(s), 0 hit(s), 0 error(s), 1 left on base; Pocatello 4 - Portland 10
BOTTOM OF THE 7TH
Portland Philospher Kings batting - Pitching for Pocatello Boccabellas : LHP Mario Tobías
Batting: RHB Aaron Scott 0-0: Ball
1-0: Called Strike
1-1: Foul Ball, location: 2F
1-2: Ball
2-2: SOLO HOME RUN (Flyball, 89XD), Distance : 380 ft
Batting: RHB Germán Rosales 0-0: Ball
1-0: Foul Ball, location: 2F
1-1: Ball
2-1: Called Strike
2-2: Ball
3-2: Fly out, F8 (Flyball, 8RXD)
Batting: LHB Bill Bertrand 0-0: Ball
1-0: Ball
2-0: Ball
3-0: SINGLE (Line Drive, 8RS)
Batting: RHB Dani Vázquez 0-0: Ball
1-0: Foul Ball, location: 2F
1-1: SINGLE (Groundball, 34D)
Bill Bertrand to second
Runner from 2nd tries for 3rd, SAFE, throw made to third
Batting: LHB Keith Beard 0-0: Called Strike
0-1: Foul Ball, location: 2F
0-2: Ball
1-2: Grounds out, U3 (Groundball, 3L)
Bill Bertrand scores
Batting: LHB Jeff Daniels 0-0: Swinging Strike
0-1: Called Strike
0-2: Ball
1-2: Ball
2-2: Foul Ball, location: 2F
2-2: Ball
3-2: Foul Ball, location: 2F
3-2: Ground out 5-3 (Groundball, 56)
Bottom of the 7th over - 2 run(s), 3 hit(s), 0 error(s), 1 left on base; Pocatello 4 - Portland 12
TOP OF THE 8TH
Pocatello Boccabellas batting - Pitching for Portland Philospher Kings : RHP Jean Burrows
Batting: LHB Juan Cortés 0-0: Ball
1-0: Foul Ball, location: 2F
1-1: Called Strike
1-2: Ball
2-2: Strikes out swinging
Batting: RHB Francisco Sandoval 0-0: Called Strike
0-1: Ball
1-1: Ground out 3-1 (Groundball, 34)
Batting: LHB Norberto Muńóz 0-0: Ball
1-0: Ball
2-0: SINGLE (Line Drive, 89S)
Batting: LHB David Monahan 0-0: Ball
1-0: Called Strike
1-1: Foul Ball, location: 2F
1-2: Fly out, F7 (Flyball, 78M)
Top of the 8th over - 0 run(s), 1 hit(s), 0 error(s), 1 left on base; Pocatello 4 - Portland 12
BOTTOM OF THE 8TH
Portland Philospher Kings batting - Pitching for Pocatello Boccabellas : LHP Mario Tobías
Pitching: RHP Bill Lowe
Batting: SHB José Alomar 0-0: Ball
1-0: Called Strike
1-1: Ball
2-1: SOLO HOME RUN (Flyball, 8RXD), Distance : 420 ft
Batting: LHB Paul Mullins 0-0: Foul Ball, location: 2F
0-1: Fly out, F3 (Line Drive, 34)
Batting: LHB Tom Blake 0-0: SINGLE (Line Drive, 34D)
Batting: RHB Aaron Scott 0-0: Called Strike
0-1: Foul Ball, location: 2F
0-2: Ball
1-2: Reached on error, E1 (Groundball, 23)
Tom Blake to second
Batting: RHB Germán Rosales 0-0: Ball
1-0: Foul Ball, location: 2F
1-1: Ball
2-1: SINGLE (Line Drive, 89S)
Tom Blake to third
Aaron Scott to second
Batting: LHB Bill Bertrand 0-0: Foul Ball, location: 2F
0-1: Ball
1-1: Foul Ball, location: 2F
1-2: Foul Ball, location: 2F
1-2: Ball
2-2: Ball
3-2: Ground out 3-1 (Groundball, 34)
Tom Blake scores
Aaron Scott to third
Germán Rosales to second
Batting: RHB Dani Vázquez 0-0: Ground out 6-3 (Groundball, 6M)
Bottom of the 8th over - 2 run(s), 3 hit(s), 1 error(s), 2 left on base; Pocatello 4 - Portland 14
TOP OF THE 9TH
Pocatello Boccabellas batting - Pitching for Portland Philospher Kings : RHP Jean Burrows
Batting: SHB Guillermo Ortíz 0-0: SOLO HOME RUN (Line Drive, 9D), Distance : 348 ft
Batting: RHB Pedro Guzmán 0-0: Ball
1-0: Ground out 1-3 (Groundball, 13)
Batting: RHB Pete Harvey 0-0: Ball
1-0: Ball
2-0: Foul Ball, location: 2F
2-1: Called Strike
2-2: Foul Ball, location: 2F
2-2: SOLO HOME RUN (Flyball, 8LXD), Distance : 414 ft
Batting: RHB José Delgado 0-0: Ball
1-0: Ball
2-0: Called Strike
2-1: Swinging Strike
2-2: Ball
3-2: Foul Ball, location: 2F
3-2: SINGLE (Line Drive, 89S)
Batting: RHB Marlon Phipps 0-0: Ball
1-0: Fly out, F6 (Popup, 6MS)
Batting: LHB Juan Cortés 0-0: Ball
1-0: 2-RUN HOME RUN (Flyball, 7D), Distance : 346 ft
Pitching: LHP Yu-shu Kong
Batting: RHB Francisco Sandoval 0-0: Foul Ball, location: 2F
0-1: Ball
1-1: Ball
2-1: Ball
3-1: Fly out, F7 (Flyball, 7LM)
Top of the 9th over - 4 run(s), 4 hit(s), 0 error(s), 0 left on base; Pocatello 8 - Portland 14
This league is powered by Out of the Park Baseball, the baseball management simulation game for PC, Mac and Linux
Saturday, April 9th, 2016 - OOTP Baseball 16.8 Build 38